 Dungeon Crawl Stone Soup version 0.30-a0-364-gf6b3ef1049 (webtiles) character file.

Game seed: 13421826122796973198

9352 themarg the Destroyer (level 11, -1/99 HPs)
             Began as a Red Draconian Conjurer on Nov 15, 2022.
             Was a Believer of Vehumet.
             Slain by a death yak (6 damage)
             ... on level 10 of the Dungeon.
             The game lasted 00:51:54 (12401 turns).

themarg the Destroyer (Red Draconian Conjurer)     Turns: 12401, Time: 00:51:55

Health: -1/99      AC: 15    Str: 11    XL:     11   Next: 21%
Magic:  0/21       EV: 13    Int: 28    God:    Vehumet [**....]
Gold:   486        SH:  5    Dex:  9    Spells: 8/23 levels left

rFire   + . .      SeeInvis .    L - +1 whip (elec)
rCold   . . .      Faith    .    (no shield)
rNeg    . . .      Spirit   .    (body armour unavailable)
rPois   .          Reflect  +    (helmet restricted)
rElec   .          Harm     .    I - +0 cloak
rCorr   .          Rampage  .    N - +2 pair of gloves
Will    .....                    (no boots)
Stlth   ++........               z - amulet of reflection
HPRegen 0.36/turn                t - +4 ring of protection
MPRegen 0.17/turn                y - +6 ring of intelligence

@: studying Unarmed Combat
A: breathe fire, AC +7, unfitting armour, fire resistance 1, cold-blooded
a: Breathe Fire, Renounce Religion


You were on level 10 of the Dungeon.
You worshipped Vehumet.
Vehumet was pleased with you.
You visited 2 branches of the dungeon, and saw 11 of its levels.
You also visited: Bailey.

You collected 640 gold pieces.
You spent 154 gold pieces at shops.

Inventory:

Hand Weapons
 n - a +2 dagger of distortion
 K - a +2 hand axe of venom
 L - a +1 whip of electrocution (weapon)
 S - a +1 vampiric halberd
Missiles
 h - 97 stones
 j - 2 silver boomerangs
 k - 21 poisoned darts
 G - 4 boomerangs
 U - a curare-tipped dart
Armour
 I - a +0 cloak (worn)
 N - a +2 pair of gloves (worn)
Jewellery
 s - a ring of poison resistance
 t - a +4 ring of protection (left hand)
 y - a +6 ring of intelligence (right hand)
 z - an amulet of reflection (around neck)
 A - a +6 ring of strength
 R - a ring of wizardry
 T - a ring of positive energy
Wands
 M - a wand of mindburst (7)
 O - a wand of iceblast (4)
 P - a wand of quicksilver (11)
Scrolls
 c - 2 scrolls of fog {unknown}
 e - 2 scrolls of fear
 g - 3 scrolls of amnesia
 i - 3 scrolls of enchant armour {unknown}
 o - 6 scrolls of teleportation {unknown}
 u - a scroll of silence {unknown}
 B - a scroll of enchant weapon
 C - 2 scrolls of poison {unknown}
 E - 6 scrolls of identify
 F - a scroll of blinking {unknown}
 H - 2 scrolls of vulnerability {unknown}
 J - 2 scrolls of noise {unknown}
 V - a scroll of torment {unknown}
 W - a scroll of summoning {unknown}
Potions
 a - 2 potions of magic
 b - a potion of cancellation
 d - 3 potions of haste
 f - 4 potions of curing
 l - 2 potions of mutation
 m - 3 potions of invisibility
 p - 5 potions of heal wounds
 q - 2 potions of berserk rage {unknown}
 r - 2 potions of flight
 v - 2 potions of brilliance {unknown}
 w - 2 potions of might {unknown}
 x - 2 potions of ambrosia {unknown}
 D - 3 potions of lignification {unknown}
 Q - 2 potions of resistance {unknown}


   Skills:
 - Level 10.0 Fighting
 - Level 5.0 Dodging
 - Level 3.0 Stealth
 + Level 6.8 Spellcasting
 + Level 11.1 Conjurations
 - Level 2.0 Hexes
 - Level 5.0 Necromancy
 - Level 2.0 Translocations


You had 8 spell levels left.
You knew the following spells:

 Your Spells              Type           Power      Damage    Failure   Level
a - Magic Dart            Conj           100%       1d8       1%          1
b - Searing Ray           Conj           100%       2d8       1%          2
c - Fulminant Prism       Conj/Hex       23%        3d12      3%          4
d - Iskenderun's Mystic   Conj/Tloc      46%        2d10      3%          4
e - Dispel Undead         Necr           37%        3d15      7%          4

Your spell library contained the following spells:

 Spells                   Type           Power      Damage    Failure   Level
 Hailstorm                Conj/Ice       40%        3d10      1%          3
 Kiss of Death            Conj/Necr      100%       2d13      1%          1
 Shock                    Conj/Air       100%       1d9       1%          1
 Dazzling Flash           Conj/Hex       92%        N/A       1%          3
 Stone Arrow              Conj/Erth      80%        3d12      1%          3
 Sandblast                Erth           18%        2d7       5%          1
 Sting                    Tmut/Pois      36%        1d4       5%          1
 Confusing Touch          Hex            20%        N/A       8%          3
 Portal Projectile        Hex/Tloc       40%        N/A       8%          3
 Tukima's Dance           Hex            20%        N/A       8%          3
 Passwall                 Tmut/Erth      7%         N/A       9%          2
 Poisonous Vapours        Pois/Air       18%        N/A       9%          2
 Summon Guardian Golem    Hex/Summ       15%        N/A       11%         3
 Swiftness                Air            9%         N/A       17%         3
 Orb of Destruction       Conj           32%        9d10      43%         7
 Airstrike                Air            4%         2d(1-17)  50%         4
 Olgreb's Toxic Radiance  Pois           9%         N/A       50%         4
 Conjure Ball Lightning   Conj/Air       20%        3x3d6     65%         6
 Blade Hands              Tmut           4%         N/A       83%         5
 Spellforged Servitor     Conj/Summ      20%        N/A       99%         7
 Discord                  Hex            10%        N/A       100%        8
 Disjunction              Tloc           10%        N/A       100%        8


Dungeon Overview and Level Annotations

Branches:
Dungeon (10/15)            Temple (1/1) D:7          Bailey (visited)
   Lair: D:8-11         Orc: D:9-12

Altars:
Cheibriados
Dithmenos
Elyvilon
Gozag
Hepliaklqana
Kikubaaqudgha
Nemelex Xobeh
Okawaru
Vehumet
Xom
Zin

Shops:
D:7 *   D:8 [   D:9 (*

Annotations:
D:8 exclusions: ice statue and orange crystal statue


Innate Abilities, Weirdness & Mutations

You can breathe blasts of fire.
Your fiery red scales are hard. (AC +7)
You cannot fit into any form of body armour.
Your flesh is heat resistant. (rF+)
You are cold-blooded and may be slowed by cold attacks.


Message History

The death yak is almost dead.
The death yak snorts and paws the ground.
The death yak gores you!
You hit the death yak but do no damage.
The death yak is almost dead.
The death yak gores you!
You barely miss the death yak.
The death yak is almost dead.
The death yak closely misses you.
You barely miss the death yak.
The death yak is almost dead.
The death yak gores you.
You hit the death yak but do no damage.
The death yak is almost dead.
The death yak misses you.
You barely miss the death yak.
The death yak is almost dead.
The death yak closely misses you.
You hit the death yak but do no damage.
You tail-slap the death yak, but do no damage.
The death yak is almost dead.
The death yak gores you!!
The death yak snorts and paws the ground.
The death yak gores you!
* * * LOW HITPOINT WARNING * * *
The death yak attacks as you move away! The death yak gores you.
* * * LOW HITPOINT WARNING * * *
Casting: Searing Ray (safe; 1% risk of failure)
Confirm with . or Enter, or press ? or * to list all spells.
You erupt in a blast of force!
The mystic blast hits the death yak but does no damage.
The death yak is severely wounded.
The death yak gores you!
* * * LOW HITPOINT WARNING * * *
Aiming: Mindburst
Press: ? - help, Shift-Dir - straight line, f/p - death yak
Aim: a death yak (severely wounded, chance to affect: 6%)
The death yak resists with almost no effort.
The death yak gores you.
You die...

#######################
.......>........÷......
#.........†÷.<.#..# #.#
#......#####...#..# #.# #......#
#...#..# #.##...... . #......#
#.@.#..# #.##...... .
#......#####Y..#..# #.##...... .
#..............#..# #.##......
.###..............#..###.##......
..................#......##......
..Y........##.#.).#..............
..................#..............
..Y...........#......###..##.....
.............#.#.....# #..##.....


You could see a death yak.

Vanquished Creatures
  A centaur zombie (D:7)
  3 centaur skeletons (D:7)
  A gargoyle (Bailey)
  Psyche (D:8)
  2 hellwings (D:7)
  An unseen horror (D:8)
  A troll (D:9)
  A wraith (D:7)
  2 wyverns (D:9)
  A vampire (Bailey)
  17 yaks
  2 water moccasins
  3 ice beasts
  2 orc warriors
  2 hornet zombies (D:7)
  4 centaurs
  A kobold brigand (D:9)
  4 bullfrogs
  A gnoll sergeant (D:10)
  A scorpion (D:7)
  5 wights (D:10)
  6 killer bees (D:9)
  8 vampire bats (Bailey)
  2 howler monkeys (D:8)
  4 wolf zombies (Bailey)
  4 hounds
  3 jellies
  4 orc priests
  7 iguanas
  Natasha (D:2)
  9 orc wizards
  4 adders
  4 gnolls (D:10)
  5 shadow imps (D:7)
  2 ufetubi
  2 worms
  3 dart slugs
  34 orcs
  4 bats
  8 endoplasms
  4 giant cockroaches
  9 goblins
  7 hobgoblins
  3 jackals (D:1)
  2 quokkas
  4 ball pythons
  14 frilled lizards
  10 kobolds
  22 orc zombies (Bailey)
  4 rats
249 creatures vanquished.

Vanquished Creatures (others)
  A human (D:9)
  9 fulminant prisms
  13 plants
  5 withered plants (D:7)
28 creatures vanquished.

Grand Total: 277 creatures vanquished

Notes
Turn   | Place    | Note
-------+----------+-------------------------------------------
     0 | D:1      | themarg the Draconian Conjurer began the quest for the Orb.
     0 | D:1      | Reached XP level 1. HP: 14/14 MP: 3/3
   365 | D:1      | Reached XP level 2. HP: 20/20 MP: 0/5
   996 | D:1      | Learned a level 2 spell: Searing Ray
  1231 | D:2      | Reached XP level 3. HP: 26/26 MP: 3/6
  1952 | D:2      | Noticed Natasha
  1959 | D:2      | Killed Natasha
  1960 | D:2      | Reached XP level 4. HP: 31/33 MP: 2/8
  2121 | D:2      | Identified the +2 chain mail of Joy {Dex+3}
  2226 | D:3      | Found a faded altar of an unknown god.
  2662 | D:3      | Found an opulent altar of Gozag.
  2952 | D:4      | Reached skill level 5 in Conjurations
  3002 | D:4      | Reached XP level 5. HP: 37/38 MP: 1/10
  3557 | D:5      | Entered Level 5 of the Dungeon
  3629 | D:5      | Reached XP level 6. HP: 45/45 MP: 2/12
  3846 | D:5      | Noticed an ice beast
  3849 | D:5      | Reached skill level 6 in Conjurations
  3868 | D:5      | Killed an ice beast
  3991 | D:5      | Found a shimmering altar of Xom.
  4153 | D:5      | Your scales start taking on a fiery red colour.
  4153 | D:5      | Reached XP level 7. HP: 50/50 MP: 11/14
  4153 | D:5      | Gained mutation: Your flesh is heat resistant. (rF+) [Red
                  | Draconian growth]
  4528 | D:6      | Reached skill level 5 in Spellcasting
  4622 | D:6      | Reached skill level 7 in Conjurations
  4884 | D:6      | Reached skill level 8 in Conjurations
  5108 | D:6      | Reached XP level 8. HP: 52/57 MP: 7/15
  5559 | D:6      | Reached skill level 9 in Conjurations
  5890 | D:7      | Noticed a hellwing
  5930 | D:6      | Learned a level 4 spell: Fulminant Prism
  5935 | D:6      | Learned a level 4 spell: Iskenderun's Mystic Blast
  5939 | D:7      | Noticed a hellwing
  6134 | D:7      | Reached skill level 10 in Conjurations
  6134 | D:7      | Reached skill level 1 in Hexes
  6134 | D:7      | Reached skill level 1 in Translocations
  6601 | D:7      | Found Mokefief's Merry Market.
  6615 | D:7      | Bought a wand of mindburst (11) for 154 gold pieces
  6639 | D:7      | Reached skill level 1 in Necromancy
  6723 | D:7      | Reached XP level 9. HP: 47/62 MP: 1/16
  6728 | D:7      | Learned a level 4 spell: Dispel Undead
  6817 | D:7      | Killed a hellwing
  6818 | D:7      | Reached skill level 5 in Necromancy
  6818 | D:7      | Reached skill level 1 in Fighting
  7087 | D:7      | Killed a hellwing
  7275 | D:7      | Found a staircase to the Ecumenical Temple.
  7284 | Temple   | Entered the Ecumenical Temple
  7322 | Temple   | Became a worshipper of Vehumet
  7883 | D:8      | Found Jeapsifa's Armour Emporium.
  7907 | D:8      | Found a flagged portal.
  7925 | D:8      | Reached XP level 10. HP: 51/88 MP: 0/17
  7945 | Bailey   | Entered a bailey
  8121 | Bailey   | Reached * piety under Vehumet
  8121 | Bailey   | Offered knowledge of Freeze by Vehumet.
  8434 | Bailey   | Noticed a gargoyle
  8453 | Bailey   | Killed a gargoyle
  8537 | Bailey   | Reached skill level 10 in Fighting
  8776 | Bailey   | Identified the +5 ring mail of the Cockatrice {+Inv rN+
                  | rCorr}
  8939 | D:8      | Noticed an ice statue
  8948 | D:8      | Identified the +4 ring mail "Afawotil" {Str+2}
  9178 | D:8      | Noticed an orange crystal statue
  9457 | D:8      | Noticed Psyche
  9461 | D:8      | Killed Psyche
  9695 | D:8      | Offered knowledge of Momentum Strike by Vehumet.
 10014 | D:9      | Reached ** piety under Vehumet
 10015 | D:9      | Reached skill level 5 in Dodging
 10136 | D:9      | Found a white marble altar of Elyvilon.
 10178 | D:9      | Found Hoross's Antique Weapon Shoppe.
 10603 | D:9      | Found Zin's Purification Station.
 10606 | D:9      | Found a glowing silver altar of Zin.
 11026 | D:9      | Found an ancient bone altar of Kikubaaqudgha.
 11065 | D:9      | Found a shadowy altar of Dithmenos.
 11067 | D:9      | Found a snail-covered altar of Cheibriados.
 11464 | D:10     | Entered Level 10 of the Dungeon
 11543 | D:10     | Reached XP level 11. HP: 96/99 MP: 6/20
 12035 | D:10     | Found an iron altar of Okawaru.
 12167 | D:10     | Reached skill level 11 in Conjurations
 12169 | D:10     | Offered knowledge of Hailstorm by Vehumet.
 12360 | D:10     | Noticed a death yak
 12361 | D:10     | Noticed a death yak
 12401 | D:10     | Slain by a death yak

Illustrated notes

Levels and vault maps discovered:
D:1:      spicycebolla_arrival_clurvy, layout_basic, serial_curves,
          eino_curves_01, eino_curves_01
D:2:      layout_loops_cross, chequers_serial_rivers_room_a, uniq_natasha
D:3:      layout_rooms, nicolae_gozag_cash_rules_everything_around_me,
          ebering_ecumenical_altar_box
D:4:      nicolae_cairo_tiling, layout_rooms
D:5:      layout_basic, tgw_xom
D:6:      layout_loops_ring, minmay_lizard_king
D:7:      cheibrodos_grave_circle, layout_gridville,
          minmay_temple_entry_large_hall, nicolae_alphabet_shops
D:8:      minmay_separated_statues, layout_rooms, serial_shops, shop,
          enter_bailey_6, solitary_fountain, minmay_misc_feat_columns,
          st_stairs_9, nicolae_eternal_life, kennysheep_boxes, uniq_psyche
D:9:      layout_loops_corners, general_overflow_altar,
          grunt_temple_overflow_open, tgw_kikubaaqudgha, zin_purify,
          serial_shops, kennysheep_mini
D:10:     layout_long_grid, okawaru_metal_pillars_3, dpeg_lair_monsters
Temple:   dpeg_chambers_temple

Skill      XL: |  1  2  3  4  5  6  7  8  9 10 11 |
---------------+----------------------------------+-----
Stealth        | 2 3 |  3.0
Spellcasting   | 3 4 5 6 |  6.8
Conjurations   | 5 6 8 10 11 | 11.1
Hexes          | 2 |  2.0
Translocations | 2 |  2.0
Necromancy     | 3 5 |  5.0
Fighting       | 8 10 | 10.0
Dodging        | 5 |  5.0

Action                   |  1- 3 |  4- 6 |  7- 9 | 10-12 || total
-------------------------+-------+-------+-------+-------++-------
Melee: Unarmed           |     5 |       |       |       ||     5
       Dagger            |     7 |     7 |    24 |       ||    38
       Tailslap          |       |     1 |    23 |    34 ||    58
       Whip              |       |       |    74 |   229 ||   303
       Punch             |       |       |     2 |     6 ||     8
 Cast: Magic Dart        |    59 |    34 |    39 |    15 ||   147
       Searing Ray       |     9 |    21 |    47 |    19 ||    96
       Iskenderun's Myst |       |       |    18 |    63 ||    81
       Dispel Undead     |       |       |     2 |     4 ||     6
       Fulminant Prism   |       |       |       |     9 ||     9
Evoke: Wand              |       |       |     3 |     1 ||     4
  Use: Scroll            |       |     6 |     7 |       ||    13
       Potion            |       |       |     2 |     1 ||     3
Armor: Skin              |     1 |     5 |   130 |   140 ||   276
Dodge: Dodged            |     7 |    16 |   113 |   162 ||   298
Block: Other             |       |     3 |    55 |    59 ||   117
       Reflection        |       |       |     2 |     2 ||     4

Table legend: (Time is in decaauts)
 A = Elapsed time spent in this place.
 B = Non-inter-level travel time spent in this place.
 C = Inter-level travel time spent in this place.
 D = Time resting spent in this place.
 E = Time spent auto-exploring this place.
 F = Levels seen in this place.
 G = Mean time per level.
                   A        B        C        D        E       F      G
               +--------+--------+--------+--------+--------+-----+--------+
         Total |  12424 |  12035 |    389 |   2011 |   7914 |  12 | 1035.3 |
       Dungeon |  11394 |  11012 |    382 |   1681 |   7686 |  10 | 1139.4 |
        Temple |     46 |     39 |      7 |      0 |     17 |   1 |   46.0 |
        Bailey |    983 |    983 |      0 |    330 |    211 |   1 |  983.0 |
               +--------+--------+--------+--------+--------+-----+--------+

Top non-repeatable levels by time:
     D:9: 1831 daAuts
     D:6: 1650 daAuts
     D:7: 1460 daAuts
     D:8: 1175 daAuts
     D:2: 1173 daAuts
     D:5: 1163 daAuts
     D:1: 1007 daAuts
  Bailey: 983 daAuts
     D:4: 741 daAuts
     D:3: 633 daAuts
    D:10: 555 daAuts
  Temple: 46 daAuts
